Map: Ascension to Aiur LE

Players

lIlIlIlIlIlI - Winner!

  • Race: Protoss Protoss
  • League: Master
  • Spawn Location: 5:00

Cobalt

  • Race: Zerg Zerg
  • League: Master
  • Spawn Location: 11:00

VOD

Have the link to the VOD?

Description

Time

  • Played on: Jan. 8, 2018, 11:26 p.m.
  • Length: 4:37
Show
View Real Time Build Order
Export as new Build Order

lIlIlIlIlIlI Protoss - Winner!

Build Orders: 1 Gate Expand 

Get SALT Encoding   

  12  0:00  Probe  
  14  0:14  Probe  
  14  0:19  Pylon  
  14  0:27  Probe  
  15  0:37  Gateway  
  15  0:40  Probe  
  16  0:45  Assimilator  
  16  0:55  Probe  
  17  1:07  Probe  
  18  1:19  Probe  
  19  1:25  Nexus  
  19  1:30  Zealot (Chrono Boost)  
  21  1:43  Cybernetics Core  
  21  1:46  Probe  
  22  1:55  Assimilator  
  22  1:57  Pylon  
  22  2:08  Gateway  
  22  2:13  Probe (Chrono Boost)  
  22  2:25  Probe (Chrono Boost)  
  22  2:28  Adept (Chrono Boost)  
  25  2:33  Probe (Chrono Boost)  
  26  2:39  Probe  
  26  2:40  Probe  
  26  2:44  Stargate  
  28  2:50  Warp Gate (Chrono Boost)  
  28  2:51  Probe  
  28  2:54  Probe  
  30  3:05  Probe  
  33  3:17  Stalker (Chrono Boost)  
  31  3:23  Shield Battery  
  33  3:27  Shield Battery  
  33  3:28  Pylon  
  33  3:30  Void Ray (Chrono Boost)  
  35  3:40  Stalker  
  37  3:49  Probe  
  37  3:52  Gateway  
  38  3:58  Probe  
  38  4:01  Probe  
  40  4:20  Pylon  
Show
View Real Time Build Order
Export as new Build Order

Cobalt Zerg 

Build Orders: Pool First 

Get SALT Encoding   

  12  0:01  Drone  
  13  0:12  Overlord  
  13  0:17  Drone  
  14  0:30  Drone x2  
  14  0:35  Drone  
  17  0:44  Extractor  
  17  0:46  Spawning Pool  
  17  0:49  Drone  
  16  0:56  Drone  
  17  1:07  Drone  
  18  1:19  Drone  
  19  1:32  Hatchery  
  18  1:33  Queen  
  18  1:36  Zergling x2  
  21  1:44  Metabolic Boost  
  21  1:46  Drone  
  22  1:53  Overlord  
  22  2:14  Drone, Roach Warren  
  22  2:22  Queen  
  24  2:32  Overlord  
  24  2:33  Overlord  
  24  2:54  Roach x5  
  34  3:03  Roach  
  34  3:05  Roach  
  38  3:11  Zergling x4  
  39  3:21  Zergling x2  
  39  3:22  Zergling x4  
  39  3:24  Zergling x2  
  43  3:33  Ravager  
  44  3:34  Zergling x4  
  44  3:38  Zergling x2  
  44  3:39  Zergling x2  
  48  3:45  Overlord  
  48  3:48  Ravager  
  48  3:50  Zergling x2  
  48  4:18  Zergling x2  
  48  4:19  Zergling x16  
Tags
 
Add a new tag
Caveats
  • Supply blocks, unpowered buildings, or Contaminate may cause inaccurate times.
  • Supply counts are checked every 10 seconds.